[Event "Late-Titled-Tuesday-Blitz-January-23-2024"]
[Site "Chess.com"]
[Date "2024.01.23"]
[Round "3"]
[White "Mikhail_Bryakin"]
[Black "ArmanGhevondyanchess"]
[Result "1-0"]
[WhiteElo "2829"]
[BlackElo "2587"]
[TimeControl "180+1"]
[EndTime "14:26:40 PST"]
[Termination "Mikhail_Bryakin won by resignation"]

1. e4 c5 2. d4 cxd4 3. Qxd4 Nc6 4. Qd3 g6 5. Nc3 Bg7 6. Nf3 d6 7. Be2 Nf6 8. O-O O-O 9. Nd5 Bd7 10. c3 Rc8 11.
Bg5 Nxd5 12. exd5 Ne5 13. Nxe5 Bxe5 14. a4 Re8 15. f4 Bg7 16. a5 Qc7 17. Kh1 Qc5 18. Bh4 a6 19. Bf2 Bb5 20. Qd2 Qc7 21. Bxb5 axb5 22. f5 Qc4 23. Bb6 b4 24. cxb4 Qb3 25.
Rf3 Qxb2 26. Qxb2 Bxb2 27. Rb1 Be5 28. fxg6 hxg6 29. b5 Rc2 30. Ra3 Ra8 31. a6 bxa6 32. bxa6 Kg7 33. a7 Rc4 34. g3 Rcc8 35. Be3 e6 36. dxe6 fxe6 37. Rb7+ Kg8 38. Rab3 d5 39. Bf4 Bxf4 40. gxf4 d4 41. Rb8 d3 42. Rxc8+ Rxc8 43. Rb8 1-0

[Event "Late-Titled-Tuesday-Blitz-January-23-2024"]
[Site "Chess.com"]
[Date "2024.01.23"]
[Round "3"]
[White "TanitoluwaAps116"]
[Black "Fandorine"]
[Result "0-1"]
[WhiteElo "2725"]
[BlackElo "2977"]
[TimeControl "180+1"]
[EndTime "14:26:41 PST"]
[Termination "Fandorine won by resignation"]

1. e4 c5 2. Nf3 e6 3. c3 d5 4.
exd5 Qxd5 5. d4 Nf6 6. Na3 Qd8 7.
Nc4 Nc6 8. Be3 Nd5 9. Bg5 f6 10. Bd2 cxd4 11. cxd4 Be7 12. Bd3 O-O 13. O-O Bb4 14. Re1 b6 15. Rc1 Bxd2 16. Qxd2 Nce7 17.
Qe2 Ng6 18. g3 Rf7 19. h4 Rb8 20. h5 Nf8 21. Qe4 Nb4 22. Bb1 Bb7 23. Qe3 Qd5 24. Ncd2 Qxh5 25. Kg2 Nd5 26. Qe4 Ng6 27. Rh1 Ndf4+ 28.
Kg1 Bxe4 29. Bxe4 Qg4 0-1

[Event "Late-Titled-Tuesday-Blitz-January-23-2024"]
[Site "Chess.com"]
[Date "2024.01.23"]
[Round "3"]
[White "Rikikits"]
[Black "Jospem"]
[Result "0-1"]
[WhiteElo "2825"]
[BlackElo "3099"]
[TimeControl "180+1"]
[EndTime "14:26:44 PST"]
[Termination "Jospem won by resignation"]

1. d4 Nf6 2. c4 e6 3. Nf3 Bb4+ 4. Bd2 c5 5. Bxb4 cxb4 6. e3 b6 7. Bd3 Bb7 8. Nbd2 a5 9. O-O O-O 10. h3 d6 11. Qc2 h6 12. Rad1 Qe7 13. Ne4 Nbd7 14. Nfd2 Rac8 15. Nxf6+ Nxf6 16. Qb3 Nd7 17. Be4 Ba6 18. Rfe1 Rc7 19. a3 bxa3 20. Qxa3 Bxc4 21. Rc1 Rfc8 22. Bb7 Rxb7 23. Rxc4 Rbc7 24. Rec1 Nf6 25.
b4 Rxc4 26. Rxc4 Rxc4 27. Nxc4 d5 28. bxa5 Qxa3 29. Nxa3 bxa5 30. Kf1 Kf8 31. Ke2 Ke8 32. Kd3 Kd7 33. f3 Kc6 34. Kc3 Ne8 35. e4 Nd6 36.
Kd3 a4 37. e5 Nb5 38. Nc2 Kb6 39. Nb4 a3 0-1

[Event "Late-Titled-Tuesday-Blitz-January-23-2024"]
[Site "Chess.com"]
[Date "2024.01.23"]
[Round "3"]
[White "AungTZ"]
[Black "ChessBrainiacOnTwitch"]
[Result "0-1"]
[WhiteElo "2098"]
[BlackElo "2788"]
[TimeControl "180+1"]
[EndTime "14:26:47 PST"]
[Termination "ChessBrainiacOnTwitch won on time"]

1. e4 c5 2. Nf3 d6 3. Bb5+ Nd7 4. O-O Nf6 5. Re1 Qc7 6. c3 a6 7. Bf1 g6 8. d4 cxd4 9. cxd4 Bg7 10. e5 Nd5 11.
Nc3 Nxc3 12. bxc3 dxe5 13. dxe5 Nxe5 14. Nxe5 Bxe5 15. Bh6 Bxh2+ 16. Kh1 Bd6 17. Qd4 Rg8 18. Rad1 Be6 19. Be2 O-O-O 20. Qa7 Qb8 21. Qb6 Qc7 22. Qa7 Qc5 23. Be3 Qxa7 24. Bxa7 Bc7 25. a4 Bd5 26. c4 Bc6 27. Ra1 e5 28. Bf3 Bxf3 29. gxf3 Rd3 30. Kg2 f5 31. a5 Rc3 32. Bb6 Re8 0-1

[Event "Late-Titled-Tuesday-Blitz-January-23-2024"]
[Site "Chess.com"]
[Date "2024.01.23"]
[Round "3"]
[White "j_coca"]
[Black "chessprincesa1"]
[Result "1-0"]
[WhiteElo "2532"]
[BlackElo "2297"]
[TimeControl "180+1"]
[EndTime "14:26:47 PST"]
[Termination "j_coca won by checkmate"]

1. f4 d5 2. Nf3 Nf6 3. e3 Bg4 4. d4 h5 5. Bd3 e6 6. Nbd2 c5 7.
c3 Nc6 8. O-O h4 9. h3 Bh5 10.
Qe1 Bxf3 11. Rxf3 Be7 12. Qe2 Qc7 13. a3 O-O-O 14. b4 c4 15. Bc2 Nh5 16. a4 Ng3 17.
Qe1 g5 18. Nf1 gxf4 19. exf4 Nxf1 20. Qxf1 Bf6 21. Kh1 Rhg8 22. Be3 Rg7 23. Qe2 Rdg8 24. Rf2 Rg3 25. Raf1 Ne7 26. Qd2 Nf5 27. Bxf5 exf5 28. Re2 Qd6 29. Qe1 Bd8 30. Bg1 Qg6 31. Rff2 Bc7 32.
Bh2 Rd3 33. Re8+ Rxe8 34. Qxe8+ Bd8 35. Re2 Rxc3 36. Re7 Rc1+ 37. Bg1 Qd6 38. Rxf7 c3 39. Qe3 Rc2 40. Qd3 Rc1 41. Qxf5+ Kb8 42. Rd7 Qf6 43. Qxd5 c2 44. Rxd8+ Kc7 45. Rd7+ Kc8 46. Qxb7# 1-0

[Event "Late-Titled-Tuesday-Blitz-January-23-2024"]
[Site "Chess.com"]
[Date "2024.01.23"]
[Round "3"]
[White "Kombinator01"]
[Black "MajorCoast"]
[Result "1-0"]
[WhiteElo "2463"]
[BlackElo "2227"]
[TimeControl "180+1"]
[EndTime "14:26:48 PST"]
[Termination "Kombinator01 won by checkmate"]

1. e4 g6 2. d4 c6 3. Nc3 d5 4. h3 dxe4 5. Nxe4 Bg7 6. Nf3 Nf6 7.
Nxf6+ Bxf6 8. Bh6 Bf5 9. c3 Be4 10. Bd3 Bxd3 11. Qxd3 e5 12. O-O exd4 13. Rfe1+ Kd7 14.
Nxd4 Kc8 15. Qc4 Qd5 16. Qa4 Nd7 17. Rad1 Nc5 18. Qc2 Qh5 19. Bf4 Bxd4 20. cxd4 Ne6 21. Be5 Rd8 22. d5 Ng5 23. dxc6 Rxd1 24. cxb7+ Kxb7 25.
Qc7+ Ka6 26. Qc6+ Ka5 27. Bc3# 1-0

[Event "Late-Titled-Tuesday-Blitz-January-23-2024"]
[Site "Chess.com"]
[Date "2024.01.23"]
[Round "3"]
[White "Cluke86"]
[Black "SameerMujumdar"]
[Result "1-0"]
[WhiteElo "2266"]
[BlackElo "2438"]
[TimeControl "180+1"]
[EndTime "14:26:50 PST"]
[Termination "Cluke86 won by resignation"]

1. e4 c5 2. Nc3 g6 3. f4 Bg7 4.
Nf3 Nc6 5. a4 d6 6. Bb5 Bd7 7.
d3 Nf6 8. O-O O-O 9. Bxc6 Bxc6 10. Qe1 a6 11. a5 e6 12. f5 exf5 13. Qh4 fxe4 14. dxe4 Nxe4 15. Qh3 Nxc3 16. bxc3 Qd7 17. Qh4 Rae8 18. Bh6 Bxf3 19. Rxf3 f5 20. Rd1 Re4 21. Qh3 Qe7 22. Bf4 Re1+ 23. Rf1 Rxf1+ 24. Kxf1 Be5 25. Qe3 Re8 26. Bg5 Bf6 27. Qxe7 Bxe7 28. Bxe7 Rxe7 29.
Rxd6 Re3 30. Rd8+ Kf7 31. Rd7+ Re7 32. Rd5 Rc7 33. c4 Ke6 34. Ke2 h5 35. h4 Rc6 36. Kf3 Kf6 37. Kf4 Rc7 38. Rd6+ Kf7 39. Kg5 Rd7 40. Rxd7+ 1-0

[Event "Late-Titled-Tuesday-Blitz-January-23-2024"]
[Site "Chess.com"]
[Date "2024.01.23"]
[Round "3"]
[White "crazy_but_lazy"]
[Black "Smile2005"]
[Result "1-0"]
[WhiteElo "2611"]
[BlackElo "2432"]
[TimeControl "180+1"]
[EndTime "14:26:52 PST"]
[Termination "crazy_but_lazy won by checkmate"]

1. d4 Nf6 2. Nf3 d5 3. Bf4 c5 4. e3 Nc6 5. Nbd2 Bg4 6. c3 cxd4 7.
exd4 e6 8. Bd3 Bd6 9. Bxd6 Qxd6 10. O-O O-O 11. Re1 Rfe8 12. Qb3 Rab8 13. a4 a6 14. Ne5 Bh5 15. Re3 Nd7 16. Rae1 Ncxe5 17. dxe5 Qc7 18. Rh3 Nc5 19. Bxh7+ Kxh7 20. Rxh5+ Kg8 21. Qb4 g6 22. Rh6 Kg7 23. Qh4 Rh8 24. Qf6+ Kxh6 25. Re3 Qxe5 26. Qxe5 g5 27. Rh3+ Kg6 28. Rxh8 Rxh8 29.
Qxh8 Nxa4 30. Nf3 Nxb2 31. h4 gxh4 32. Nxh4+ Kg5 33. Qe5+ Kxh4 34. g3+ Kg4 35. Kg2 f5 36.
Qg7+ Kh5 37. f4 Nd3 38. Qg5# 1-0

[Event "Late-Titled-Tuesday-Blitz-January-23-2024"]
[Site "Chess.com"]
[Date "2024.01.23"]
[Round "3"]
[White "Grandmaster2B"]
[Black "EvilMorty23"]
[Result "1-0"]
[WhiteElo "2803"]
[BlackElo "2509"]
[TimeControl "180+1"]
[EndTime "14:26:53 PST"]
[Termination "Grandmaster2B won by checkmate"]

1. d4 Nf6 2. c4 e6 3. g3 d5 4. Bg2 Bb4+ 5. Bd2 Be7 6. Nf3 O-O 7. O-O c6 8. Qc2 b6 9. Bf4 Nbd7 10. Nbd2 Nh5 11.
e3 Nxf4 12. exf4 Ba6 13. Rfc1 dxc4 14. Nxc4 Rc8 15. h4 c5 16. Qa4 Bb7 17. Qxa7 Qc7 18. Qa3 Nf6 19. Qb3 cxd4 20. Nxd4 Bxg2 21. Kxg2 Bc5 22. Ne5 Qb7+ 23. Qf3 Ne4 24. Ndc6 f5 25. Rc2 Bxf2 26. Rxf2 Nxf2 27. Kxf2 Rfd8 28. Nxd8 Rc2+ 29. Ke3 Qc7 30. Nxe6 Qc8 31. Qd5 Rc3+ 32. bxc3 Qxc3+ 33. Nd3 h6 34. Ng5+ Kh8 35. Qd8# 1-0

[Event "Late-Titled-Tuesday-Blitz-January-23-2024"]
[Site "Chess.com"]
[Date "2024.01.23"]
[Round "3"]
[White "yobdc"]
[Black "kuli4ik"]
[Result "1-0"]
[WhiteElo "2541"]
[BlackElo "2903"]
[TimeControl "180+1"]
[EndTime "14:26:55 PST"]
[Termination "yobdc won by resignation"]

1. d4 g6 2. c4 Bg7 3. Nf3 d6 4. Nc3 e5 5. dxe5 dxe5 6. Qxd8+ Kxd8 7. Bg5+ f6 8. O-O-O+ Bd7 9. Bd2 Nc6 10. g3 Kc8 11. h4 h5 12. Bg2 Nh6 13. Bxh6 Bxh6+ 14. e3 Rd8 15. Nd5 f5 16. Ng5 Bxg5 17. hxg5 e4 18. g4 hxg4 19. Rh7 Ne5 20. Bf1 c6 21. Nf6 Rb8 22. Re7 Nf3 23. Nxd7 Ra8 24. Rg7 Nxg5 25. Nb6+ axb6 26. Rxd8+ Kxd8 27. Rg8+ Kc7 28. Rxa8 Nf7 29. Rg8 Ne5 30. Be2 Kd6 31. Rg7 Kc5 32. b3 Kb4 33. Kc2 Kc5 34. Rxb7 1-0

[Event "Late-Titled-Tuesday-Blitz-January-23-2024"]
[Site "Chess.com"]
[Date "2024.01.23"]
[Round "3"]
[White "Bigfish1995"]
[Black "mjelcic"]
[Result "1-0"]
[WhiteElo "3128"]
[BlackElo "2221"]
[TimeControl "180+1"]
[EndTime "14:26:56 PST"]
[Termination "Bigfish1995 won by resignation"]

1. e4 c5 2. c3 g6 3. d4 cxd4 4. cxd4 d5 5. e5 Nc6 6. Nc3 Nh6 7. Bb5 Bg7 8. Nge2 O-O 9. O-O f6 10. exf6 exf6 11. Nf4 Nf5 12. Be3 Nxe3 13. fxe3 Ne7 14. Qf3 a6 15. Ba4 b5 16. Bb3 Kh8 17. Ncxd5 Bb7 18. e4 Qd6 19. Nxe7 Qxe7 20. Nxg6+ hxg6 21. Qh3+ Bh6 22. Qxh6+ Qh7 23. Qxh7+ Kxh7 24. d5 Rae8 25. Rac1 Re7 26. d6 Rg7 27. e5 f5 28. e6 1-0

[Event "Late-Titled-Tuesday-Blitz-January-23-2024"]
[Site "Chess.com"]
[Date "2024.01.23"]
[Round "3"]
[White "djano"]
[Black "Herman-NY"]
[Result "1-0"]
[WhiteElo "2690"]
[BlackElo "2472"]
[TimeControl "180+1"]
[EndTime "14:26:56 PST"]
[Termination "djano won on time"]

1. e4 e5 2. Nf3 Nc6 3. Bc4 Nf6 4. d4 exd4 5. Ng5 d5 6. exd5 Na5 7. Qxd4 Nxc4 8. Qxc4 Qxd5 9. Qe2+ Be7 10. O-O Bg4 11. f3 Bh5 12. Nc3 Qd7 13. Rd1 Qc6 14. Kh1 Kf8 15.
Bf4 Re8 16. Qb5 h6 17. Qxc6 bxc6 18. Nh3 Rc8 19. Nf2 g5 20. Be3 Bg6 21. Rd2 Bd6 22.
Bxa7 Nh5 23. g3 Kg7 24. Bd4+ f6 25. Nce4 Be7 26. Bc5 Bxc5 27. Nxc5 Rhe8 28. Rad1 Kg8 29.
Kg2 Ng7 30. Ng4 Rf8 31. Nxh6+ Kh7 32. Ng4 Nf5 33. Nd7 1-0

[Event "Late-Titled-Tuesday-Blitz-January-23-2024"]
[Site "Chess.com"]
[Date "2024.01.23"]
[Round "3"]
[White "MikaelyanArman"]
[Black "LevonAronian"]
[Result "0-1"]
[WhiteElo "2843"]
[BlackElo "3106"]
[TimeControl "180+1"]
[EndTime "14:27:01 PST"]
[Termination "LevonAronian won by resignation"]

1. d4 Nf6 2. c4 c5 3. d5 g6 4.
Nc3 Bg7 5. e4 d6 6. f4 O-O 7.
Nf3 Bg4 8. Be2 Na6 9. O-O Nc7 10.
h3 Bxf3 11. Bxf3 Nd7 12. Be3 a6 13. a4 Rb8 14. a5 b5 15. axb6 Rxb6 16. Qd2 Rb4 17.
Be2 Nb6 18. b3 Rxb3 19. Rac1 a5 20. e5 dxe5 21. Bxc5 exf4 22. Rxf4 Bh6 23. Qd4 Na6 24.
Ne4 Bxf4 25. Rf1 Be3+ 0-1

[Event "Late-Titled-Tuesday-Blitz-January-23-2024"]
[Site "Chess.com"]
[Date "2024.01.23"]
[Round "3"]
[White "aa175"]
[Black "GMFYHR1"]
[Result "1-0"]
[WhiteElo "2676"]
[BlackElo "2459"]
[TimeControl "180+1"]
[EndTime "14:27:03 PST"]
[Termination "aa175 won by checkmate"]

1. d4 d5 2. Bf4 Nf6 3. e3 c5 4. Nf3 Nc6 5. Nbd2 Bf5 6. dxc5 e6 7. Nd4 Bxc5 8. Nxf5 exf5 9. c3 O-O 10. Be2 Re8 11. O-O Ne4 12. h3 Qb6 13. Nb3 Rad8 14.
Nxc5 Nxc5 15. Qc2 g6 16. Rfd1 Ne6 17. Bh2 Ng5 18. Qb3 Ne4 19. Qxb6 axb6 20. Bc7 Rd7 21.
Bxb6 Ra8 22. Bd4 Nd8 23. f3 Ng5 24. Kf2 Nge6 25. a4 Nxd4 26. Rxd4 Ne6 27. Rb4 Ra5 28. Bb5 Rd8 29. Rd1 Kf8 30. Ke2 Ke7 31. h4 Kd6 32.
Bc4 Kc6 33. Bb5+ Kc5 34. Kf2 Raa8 35. g4 fxg4 36. Rxg4 f5 37. b4+ Kd6 38. Rgg1 Ke5 39. f4+ Kf6 40. Rd3 Nc7 41. Rgd1 Nxb5 42. axb5 Ra2+ 43.
Kg3 Rc8 44. Kf3 Rc4 45. Rxd5 Rxc3 46. Rd7 Rcc2 47. R1d6# 1-0

[Event "Late-Titled-Tuesday-Blitz-January-23-2024"]
[Site "Chess.com"]
[Date "2024.01.23"]
[Round "3"]
[White "GP9isback23"]
[Black "Noki102"]
[Result "1-0"]
[WhiteElo "2621"]
[BlackElo "2438"]
[TimeControl "180+1"]
[EndTime "14:27:04 PST"]
[Termination "GP9isback23 won by resignation"]

1. d4 d5 2. Nf3 Nf6 3. c4 c6 4. e3 Bg4 5. Nc3 e6 6. h3 Bh5 7. Bd2 Nbd7 8. Rc1 Bd6 9. Be2 O-O 10. cxd5 exd5 11. O-O Re8 12. a3 a5 13. Qb3 b6 14.
Rfd1 Rc8 15. Be1 Ne4 16. Qc2 f5 17. Nh2 Bxe2 18. Nxe2 Ndf6 19. Nf1 Bb8 20. f3 Nd6 21. Bf2 Qd7 22. Nf4 g5 23. Nd3 Nc4 24. a4 c5 25.
dxc5 bxc5 26. b3 Ne5 27. Nxc5 Qd6 28. Qxf5 h6 29. Ne4 Nxe4 30. Rxc8 1-0

[Event "Late-Titled-Tuesday-Blitz-January-23-2024"]
[Site "Chess.com"]
[Date "2024.01.23"]
[Round "3"]
[White "Charodej1"]
[Black "otrov-11"]
[Result "0-1"]
[WhiteElo "2267"]
[BlackElo "2491"]
[TimeControl "180+1"]
[EndTime "14:27:06 PST"]
[Termination "otrov-11 won by resignation"]

1. e4 e6 2. d4 d5 3. Nd2 c5 4. exd5 Qxd5 5. Ngf3 cxd4 6. Bc4 Qd6 7. O-O Nf6 8. Nb3 Nc6 9. Nbxd4 Nxd4 10. Nxd4 Qc7 11.
Bb3 a6 12. Qe2 Be7 13. c3 O-O 14. Bc2 Re8 15. Bg5 e5 16. Nf5 Bxf5 17. Bxf5 Nd5 18. Bd2 g6 19. Be4 Nf6 20. Bc2 Bf8 21. Rad1 Bg7 22.
Be3 Rad8 23. Bb3 e4 24. Bd4 Qf4 25. h3 Nh5 26. Be3 Qf6 27. Rxd8 Rxd8 28. Rd1 Rxd1+ 29. Qxd1 Nf4 30. Qd7 b5 31. Qc8+ Bf8 32. Bc5 Qg7 33.
Bxf8 Qxf8 34. Qxf8+ Kxf8 35. Bc2 f5 36. Kf1 Ne6 37.
g3 Ke7 38. Ke2 Kf6 39. h4 h6 40. f3 exf3+ 41. Kxf3 g5 42. hxg5+ hxg5 43. a4 Ke5 44. axb5 axb5 45. Bd3 Nc7 46. b4 Nd5 47. Bxb5 Nxc3 48. Bf1 Nd5 49. b5 Nb6 50. Be2 Kd4 51.
g4 f4 52. Bf1 Kc5 53. Ke4 Nd5 54. Be2 Nc3+ 0-1

[Event "Late-Titled-Tuesday-Blitz-January-23-2024"]
[Site "Chess.com"]
[Date "2024.01.23"]
[Round "3"]
[White "GHANDEEVAM2003"]
[Black "krzyzan94"]
[Result "1-0"]
[WhiteElo "3059"]
[BlackElo "2781"]
[TimeControl "180+1"]
[EndTime "14:27:08 PST"]
[Termination "GHANDEEVAM2003 won by resignation"]

1. Nf3 Nf6 2. b3 g6 3. Bb2 Bg7 4. g3 O-O 5. Bg2 c5 6. O-O d5 7.
e3 Nc6 8. Ne5 Qd6 9. Nxc6 bxc6 10. f4 h5 11. Nc3 Ng4 12. Na4 Bxb2 13. Nxb2 a5 14. Qe1 Nh6 15. d3 e5 16. e4 exf4 17.
gxf4 dxe4 18. Qxe4 Bf5 19. Nc4 Qd8 20. Qxc6 Qd4+ 21.
Kh1 Ng4 22. Qf3 Rae8 23. Rad1 Re6 24. h3 Ne3 25. c3 Bg4 26. hxg4 hxg4 27. cxd4 gxf3 28.
Nxe3 cxd4 29. Nc4 fxg2+ 30. Kxg2 Kg7 31. Rde1 Rfe8 32. Rxe6 Rxe6 33. Nxa5 Re2+ 34. Rf2 Re3 35. Rd2 Kf6 36. Nc4 Kf5 37. Nxe3+ dxe3 1-0

[Event "Late-Titled-Tuesday-Blitz-January-23-2024"]
[Site "Chess.com"]
[Date "2024.01.23"]
[Round "3"]
[White "mightysmasher"]
[Black "NovakCabarkapa"]
[Result "1-0"]
[WhiteElo "2593"]
[BlackElo "2800"]
[TimeControl "180+1"]
[EndTime "14:27:08 PST"]
[Termination "mightysmasher won by resignation"]

1. e4 Nc6 2. d4 e5 3. d5 Nce7 4. c4 Ng6 5. Nc3 Bc5 6. Nf3 a6 7. a3 d6 8. Be2 Nf6 9. O-O O-O 10.
h3 h6 11. Bd2 Ba7 12. Rc1 Nh7 13. Be3 Bxe3 14. fxe3 b6 15. b4 f5 16. exf5 Bxf5 17.
Bd3 Qd7 18. Bxf5 Rxf5 19. Ne4 a5 20. c5 axb4 21. axb4 bxc5 22. bxc5 Raf8 23. cxd6 cxd6 24. Qd3 Rxf3 25. Rxf3 Rxf3 26. gxf3 Qxh3 27. Nf2 Qg3+ 28.
Kf1 Nhf8 29. Qe4 Nd7 30. Rc8+ Kh7 31. Qg4 Qh2 32. Qxd7 e4 33. Qf7 Ne5 34. Qf5+ Ng6 35. Qxe4 Qg3 36. Re8 1-0

[Event "Late-Titled-Tuesday-Blitz-January-23-2024"]
[Site "Chess.com"]
[Date "2024.01.23"]
[Round "3"]
[White "RamyresCoelho"]
[Black "SanchezKelvin"]
[Result "0-1"]
[WhiteElo "2257"]
[BlackElo "2551"]
[TimeControl "180+1"]
[EndTime "14:27:09 PST"]
[Termination "SanchezKelvin won by resignation"]

1. e4 e5 2. Nf3 Nc6 3. d4 exd4 4. Bc4 Bc5 5. c3 Nf6 6. e5 d5 7. Bb5 Ne4 8. cxd4 Bb4+ 9. Bd2 Bxd2+ 10. Nbxd2 O-O 11.
h3 Ne7 12. O-O c6 13. Bd3 Bf5 14. Re1 Nxf2 15. Kxf2 Bxd3 16. Nb3 Bg6 17. g4 a5 18.
Kg3 f5 19. g5 f4+ 20. Kf2 Nf5 21. Nc5 Qe7 22. h4 Bh5 23. Qd3 Bxf3 24. Kxf3 Nxh4+ 25. Kg4 Ng2 26. Rh1 Ne3+ 27. Kf3 Rf5 28. Rag1 Raf8 29.
Rh5 g6 30. Rh6 Rxg5 31. Ne6 Rxg1 32. Nxf8 Qxf8 33. Kf2 Rg2+ 34. Ke1 Qxh6 35. e6 Qh1+ 0-1

[Event "Late-Titled-Tuesday-Blitz-January-23-2024"]
[Site "Chess.com"]
[Date "2024.01.23"]
[Round "3"]
[White "tgpgoat"]
[Black "WilliamAlfaroCaracas"]
[Result "0-1"]
[WhiteElo "2428"]
[BlackElo "2256"]
[TimeControl "180+1"]
[EndTime "14:27:10 PST"]
[Termination "WilliamAlfaroCaracas won by resignation"]

1. Nf3 g6 2. g3 Bg7 3. Bg2 e5 4. O-O Ne7 5. d3 O-O 6. c4 c6 7. Nc3 d5 8. cxd5 cxd5 9. Bg5 Nbc6 10. Nd2 Be6 11. Nb3 f6 12. Bd2 Bf7 13. Rc1 Nf5 14. e3 d4 15. exd4 Nfxd4 16. Nxd4 Nxd4 17. b3 Qd7 18.
Be3 Rad8 19. Ne4 b6 20. Qd2 Bd5 21. Bxd4 Bxe4 22. Bxb6 Bxg2 23. Bxd8 Bxf1 24. Bxf6 Rxf6 25. Rxf1 Rd6 26. Rd1 e4 27. Qe3 Rxd3 28. Rxd3 exd3 29. Qd2 Bh6 30. Qb4 d2 31. Qc4+ Kh8 32. Qc3+ 0-1

[Event "Late-Titled-Tuesday-Blitz-January-23-2024"]
[Site "Chess.com"]
[Date "2024.01.23"]
[Round "3"]
[White "Sl4werThanYou"]
[Black "DraningWaterHi"]
[Result "1-0"]
[WhiteElo "2638"]
[BlackElo "2191"]
[TimeControl "180+1"]
[EndTime "14:27:11 PST"]
[Termination "Sl4werThanYou won by resignation"]

1. d4 Nf6 2. c4 g6 3. Nf3 Bg7 4. Nc3 O-O 5. e4 d6 6. h3 e5 7. d5 Na6 8. Be3 Nc5 9. Nd2 Nh5 10. g3 a5 11. Qc2 f5 12. Be2 f4 13. Bxc5 dxc5 14. g4 Nf6 15. O-O-O Ne8 16. h4 h6 17. h5 g5 18. Kb1 Nd6 19. Nf3 Bxg4 20. Rdg1 Bd7 21. Nh2 Kh8 22. Qd3 Qe7 23. Bg4 Be8 24.
Be6 Bf7 25. Bxf7 Nxf7 26. Ng4 Nd6 27. f3 Ra6 28. a3 a4 29. Ka2 Rb8 30. Nb5 Nxb5 31.
cxb5 Rd6 32. Rc1 b6 33. Rc4 Ra8 34. Qc2 Qd7 35. Rxa4 Rb8 36. Qc4 Qe8 37. Ra6 Rdd8 38. Rc1 Ra8 39. Rxa8 Rxa8 40. d6 cxd6 41. Rd1 Qe7 42.
Qd5 Rd8 43. Kb3 Bf8 44. Nxe5 c4+ 45. Ka2 Rc8 46. Ng6+ 1-0

[Event "Late-Titled-Tuesday-Blitz-January-23-2024"]
[Site "Chess.com"]
[Date "2024.01.23"]
[Round "3"]
[White "Angry_Twin"]
[Black "ValeriyGrinev"]
[Result "1-0"]
[WhiteElo "2989"]
[BlackElo "2533"]
[TimeControl "180+1"]
[EndTime "14:27:11 PST"]
[Termination "Angry_Twin won by resignation"]

1. e4 c5 2. Nf3 e6 3. d4 cxd4 4.
Nxd4 a6 5. c4 Nf6 6. Nc3 Qc7 7.
a3 b6 8. Be2 Bb7 9. f3 d6 10.
Be3 Be7 11. O-O O-O 12. Qd2 Nbd7 13. Rac1 Rac8 14. b4 Rfe8 15. Rfd1 Qb8 16. Nb3 Bd8 17. Bf1 Bc7 18. Bf4 Ne5 19. Bxe5 dxe5 20. c5 Kh8 21. Kh1 Rg8 22. Qf2 b5 23. a4 Bc6 24. axb5 axb5 25.
Ra1 g5 26. Na5 Bxa5 27. Rxa5 g4 28. Bxb5 gxf3 29. Qxf3 Rg6 30. Bxc6 Rxc6 31. Rb5 Qa8 32. Ra5 Qb7 33. Nb5 Kg7 34. Nd6 Qc7 35. Rb5 Qe7 36.
Rb7 Rc7 37. Rxc7 Qxc7 38. Qxf6+ Rxf6 39. Ne8+ 1-0

[Event "Late-Titled-Tuesday-Blitz-January-23-2024"]
[Site "Chess.com"]
[Date "2024.01.23"]
[Round "3"]
[White "IndianSchoolOfSuffering"]
[Black "Alex_Banzea"]
[Result "0-1"]
[WhiteElo "2438"]
[BlackElo "2630"]
[TimeControl "180+1"]
[EndTime "14:27:11 PST"]
[Termination "Alex_Banzea won by resignation"]

1. d4 Nf6 2. c4 g6 3. Nc3 d6 4. e4 Bg7 5. Nf3 O-O 6. h3 e5 7. d5 a5 8. Be3 Na6 9. g4 Nd7 10. Be2 Ndc5 11. Nd2 Bf6 12. Nb3 Bg5 13. Nxc5 Bxe3 14.
Nxa6 Qh4 15. Rh2 bxa6 16. Qd3 Bf4 17. Rh1 Rb8 18. b3 Bd7 19. Bd1 a4 20. Ne2 Bh6 21. Qg3 Bg5 22. Qxh4 Bxh4 23. Bc2 f5 24. gxf5 gxf5 25. Ng3 Bxg3 26. fxg3 fxe4 27. Bxe4 axb3 28. axb3 Rxb3 29. Rf1 Re3+ 0-1

[Event "Late-Titled-Tuesday-Blitz-January-23-2024"]
[Site "Chess.com"]
[Date "2024.01.23"]
[Round "3"]
[White "AsaHoffmann"]
[Black "katharinareinecke"]
[Result "1-0"]
[WhiteElo "2373"]
[BlackElo "2011"]
[TimeControl "180+1"]
[EndTime "14:27:17 PST"]
[Termination "AsaHoffmann won by checkmate"]

1. d4 d5 2. Bg5 Nf6 3. Nd2 e6 4.
e3 Be7 5. Bd3 O-O 6. f4 h6 7.
Bh4 c5 8. c3 Nc6 9. Ngf3 a6 10.
O-O b5 11. a4 b4 12. Rc1 c4 13. Bb1 bxc3 14. bxc3 Rb8 15. Ne5 Na5 16. e4 Qc7 17. exd5 exd5 18. Qe1 Nb3 19. Nxb3 Rxb3 20. Rf3 Ng4 21. Bxe7 Qxe7 22. h3 Nxe5 23. fxe5 Be6 24.
Qg3 Rfb8 25. Bf5 Bxf5 26. Rxf5 Rb1 27. Rxb1 Rxb1+ 28. Kh2 Ra1 29. Rf6 Rxa4 30. Rxh6 Ra2 31. Rd6 a5 32. Rxd5 a4 33. Rc5 a3 34. Qf3 Rb2 35.
Rc8+ Kh7 36. Qh5# 1-0

[Event "Late-Titled-Tuesday-Blitz-January-23-2024"]
[Site "Chess.com"]
[Date "2024.01.23"]
[Round "3"]
[White "jcibarra"]
[Black "Atousa"]
[Result "1-0"]
[WhiteElo "2863"]
[BlackElo "2477"]
[TimeControl "180+1"]
[EndTime "14:27:21 PST"]
[Termination "jcibarra won by resignation"]

1. Nf3 d5 2. g3 Nf6 3. Bg2 Bg4 4.
h3 Bxf3 5. Bxf3 e5 6. d3 Be7 7. O-O O-O 8. e4 dxe4 9. dxe4 Nc6 10. c3 Qxd1 11. Rxd1 Rad8 12. Re1 Nd7 13. b4 a5 14. a3 Nb6 15. Be2 Ra8 16. b5 Nb8 17. Nd2 Na4 18. Nf3 Nxc3 19. Bc4 Nd7 20. a4 Nc5 21. Nxe5 N3xe4 22. Bf4 Bf6 23. Rad1 Rae8 24. Nd7 Nxd7 25. Rxd7 Nc5 26.
Bxf7+ Rxf7 27. Rxe8+ Rf8 28. Rxf8+ Kxf8 29. Rxc7 b6 30.
Bd6+ Ke8 31. Bxc5 bxc5 32. Rxc5 1-0

[Event "Late-Titled-Tuesday-Blitz-January-23-2024"]
[Site "Chess.com"]
[Date "2024.01.23"]
[Round "3"]
[White "dosto07"]
[Black "Ze-Pequeno"]
[Result "1-0"]
[WhiteElo "2548"]
[BlackElo "2183"]
[TimeControl "180+1"]
[EndTime "14:27:25 PST"]
[Termination "dosto07 won by checkmate"]

1. e4 c5 2. Nf3 d6 3. Bb5+ Bd7 4.
Bxd7+ Qxd7 5. O-O Nf6 6. Qe2 Nc6 7. c3 e6 8. d4 cxd4 9. cxd4 d5 10. e5 Ne4 11. Nbd2 Nxd2 12. Bxd2 Be7 13. g3 O-O 14.
Kg2 Rac8 15. h4 Nb8 16. Qd3 f5 17. exf6 Bxf6 18. Bg5 Nc6 19. Rfe1 Rce8 20. Re3 h6 21. Bf4 Re7 22. Rae1 Rfe8 23. a3 Qd8 24. b4 Qb6 25. Be5 Bxe5 26. Nxe5 Nxe5 27. Rxe5 Qc6 28. Kh3 Qd7 29.
R1e3 a6 30. Kg2 Qc6 31. f4 Qd7 32. Qe2 Qb5 33. Qxb5 axb5 34. h5 Kf7 35. Kf3 Rc7 36.
f5 Rc6 37. Kf4 Kf6 38. g4 Re7 39. fxe6 Rcxe6 40. Rf5# 1-0

[Event "Late-Titled-Tuesday-Blitz-January-23-2024"]
[Site "Chess.com"]
[Date "2024.01.23"]
[Round "3"]
[White "vladoboch"]
[Black "campochess"]
[Result "1-0"]
[WhiteElo "2397"]
[BlackElo "2087"]
[TimeControl "180+1"]
[EndTime "14:27:25 PST"]
[Termination "vladoboch won on time"]

1. e4 c5 2. Nf3 Nc6 3. Bb5 e5 4. O-O Nd4 5. Nxd4 cxd4 6. c3 Nf6 7. cxd4 exd4 8. e5 Nd5 9. d3 Qh4 10. Bc4 Nb6 11. Bb3 Be7 12. Nd2 O-O 13. Nf3 Qh5 14. Re1 d5 15. Nxd4 Qg6 16. Qf3 Rd8 17. h3 a5 18. a3 a4 19. Ba2 Bc5 20. Be3 Ra5 21. Rac1 Be7 22. Nc6 Bg5 23. Bxg5 Qxg5 24. Nxa5 Be6 25. Nxb7 Rb8 26. Nd6 Nd7 27. Bxd5 Nxe5 28.
Qg3 Qxg3 29. fxg3 Nxd3 30. Bxe6 fxe6 31. Red1 Nxc1 32. Rxc1 h5 33. Rc8+ Rxc8 34. Nxc8 Kf7 35. Nb6 e5 36. Nxa4 Ke6 37. Kf2 Kd5 38. Ke3 1-0